 Dungeon Sprint DCSS version 0.31-a0-986-g5e6e4ef867 (webtiles) character file.

Game seed: 16167998027319293920

2089 dialectric the Imperceptible (level 9, -1/69 (70) HPs)
             Began as a Spriggan Brigand on Nov 17, 2023.
             Was a Follower of Dithmenos.
             Slain by a centaur warrior (2 damage)
             ... in the Dungeon (Sprint I: "Red Sonja").
             The game lasted 00:02:21 (294 turns).

dialectric the Imperceptible (Spriggan Brigand)      Turns: 294, Time: 00:02:22

HP:   -1/69 (70)    AC:  5    Str:  7    XL:     9   Next: 6%
MP:   10/10         EV: 26    Int: 12    God:    Dithmenos [*.....]
Gold: 158           SH:  0    Dex: 21    Spells: 8/8 levels left

rFire   . . .        a - +2 dagger
rCold   . . .        (no shield)
rNeg    + . .        p - +2 robe {rN+}
rPois   .            (helmet restricted)
rElec   .            c - +0 cloak
rCorr   .            (gloves unavailable)
SInv    +            (boots unavailable)
Will    +....        (no amulet) Stlth
                     (no ring)
HPRegen 0.31/turn    (no ring)
MPRegen 0.12/turn

%: no teleportation
@: berserking, wreathed by umbra, lightly drained, very quick
A: very small, no large weapons, unfitting armour, see invisible, speed 3
a: Renounce Religion


You were in the Dungeon.
You worshipped Dithmenos.
Dithmenos was aware of your devotion.
You visited 1 branch You collected 513 gold pieces.
You spent 355 gold pieces at shops.

Inventory:

Hand Weapons
 a - a +2 dagger (weapon)
 n - a +1 dagger of distortion
Missiles
 d - 11 poisoned darts
 e - 3 curare-tipped darts (quivered)
Armour
 b - a +0 robe
 c - a +0 cloak (worn)
 p - a +2 robe of positive energy (worn)
Scrolls
 k - 3 scrolls of blinking
 q - a scroll of silence {unknown}
 r - a scroll of fog {unknown}
Potions
 f - a potion of curing
 g - a potion of heal wounds
 h - a potion of haste
 i - 2 potions of magic
 m - a potion of attraction {unknown}
 o - a potion of lignification {unknown}


   Skills:
 + Level 5.3 Fighting
 + Level 6.7 Short Blades
 - Level 3.7 Throwing
 * Level 10.3 Dodging
 + Level 24.7 Stealth


You had 8 spell levels left.
You didn't know any spells.
Your spell library was empty.

Dungeon Overview and Level Annotations

Branches:
Dungeon (1/1)

Altars:
Cheibriados
Dithmenos
Elyvilon
Fedhas
Gozag
Hepliaklqana
Kikubaaqudgha
Nemelex Xobeh
Okawaru
Qazlal
Ru
Sif Muna
Trog
Uskayaw
Vehumet
Wu Jian
Yredelemnul
Zin
The Shining One

Shops:
D ?:[


Innate Abilities, Weirdness & Mutations

You are very small and have problems with some larger weapons.
You are too small for most types of armour.
You have supernaturally acute eyesight. (SInv)
You cover ground extremely quickly. (Speed+++)


Message History

Unknown command.
Throw: 4 darts (curare)
Press: ? - help, Q - select action, (/) - cycle Shift-Dir - straight line, f/p - centaur warrior
Aim: a centaur warrior (purple smoke, heavily wounded, very poisoned, slow, umbra, 70% to hit)
You throw a curare-tipped dart.
The curare-tipped dart barely misses the centaur warrior.
You hear a splash.
The centaur warrior hits you! The centaur warrior misses you.
The centaur warrior completely misses you.
The centaur warrior misses you. The centaur warrior hits you.
The centaur warrior barely misses you.
Unknown command.
A red film seems to cover your vision as you go berserk!
You feel yourself moving faster!
You feel mighty! The centaur warrior hits you.
The centaur warrior closely misses you.
The centaur warrior hits you but does no damage.
The centaur warrior barely misses you.
You barely miss the centaur warrior.
The centaur warrior is heavily wounded.
The centaur warrior hits you!
* * * LOW HITPOINT WARNING * * *
The centaur warrior kicks you but does no damage.
You hit the centaur warrior.
The centaur warrior is heavily wounded.
You closely miss the centaur warrior.
The centaur warrior is severely wounded.
The centaur warrior completely misses you. x2
The centaur warrior hits you!
* * * LOW HITPOINT WARNING * * *
The centaur warrior kicks you.
* * * LOW HITPOINT WARNING * * *
You barely miss the centaur warrior.
The centaur warrior is severely wounded.
The centaur warrior misses you. The centaur warrior kicks you.
* * * LOW HITPOINT WARNING * * *
Unknown command.
You puncture the centaur warrior!
The centaur warrior is severely wounded.
The centaur warrior hits you.
You die...

###############
<.#..'..#).'..#
..').#..'..#..+
..#####'#####'# ###
..####..#...#.####?[#
..#__####..##(#((§§.#
..#_____##'#_.+§~~§§+
⌠⌠#_.∩...'..._#§cc§§#
###_..__##_.#'##@###
#_____###'#.#..%)###
###########.####'###(##
∩........'...'.....'.∩#
##++++####...##########
.......# ##.##
.......G# #+# ..#..GG.#
G......G#


You could see 2 centaur warriors.

Vanquished Creatures
  Sonja (D)
  A deep troll (D)
  A shining eye (D)
  A glass eye (D)
  Sigmund (D)
  A yak (D)
  An ogre (D)
  A jelly (D)
  Ijyb (D)
9 creatures vanquished.

Notes
Turn   | Place    | Note
-------+----------+-------------------------------------------
     0 | D        | dialectric the Spriggan Brigand began the quest for the
                  | Orb.
     0 | D        | Reached XP level 1. HP: 10/10 MP: 2/2
     2 | D        | Noticed Ijyb
     4 | D        | Killed Ijyb
     5 | D        | Reached skill level 9 in Stealth
     5 | D        | Reached XP level 2. HP: 15/15 MP: 3/3
    12 | D        | Noticed an ogre
    23 | D        | Killed an ogre
    24 | D        | Reached skill level 12 in Stealth
    24 | D        | Reached XP level 3. HP: 19/19 MP: 4/4
    24 | D        | Reached XP level 4. HP: 23/23 MP: 5/5
    35 | D        | Noticed Sigmund
    51 | D        | Killed Sigmund
    52 | D        | Reached skill level 16 in Stealth
    52 | D        | Reached XP level 5. HP: 28/28 MP: 6/6
    52 | D        | Reached XP level 6. HP: 32/32 MP: 7/7
    67 | D        | Found a shimmering blue altar of Sif Muna.
    68 | D        | Found an ornate altar of the Wu Jian Council.
    69 | D        | Found a radiant altar of Vehumet.
    74 | D        | Reached skill level 17 in Stealth
   105 | D        | Found Lucw's Book Emporium.
   105 | D        | Found an ancient bone altar of Kikubaaqudgha.
   105 | D        | Found a hazy altar of Hepliaklqana.
   105 | D        | Found a hide-covered altar of Uskayaw.
   105 | D        | Found a basalt altar of Yredelemnul.
   105 | D        | Found an opulent altar of Gozag.
   105 | D        | Found a snail-covered altar of Cheibriados.
   105 | D        | Found a sacrificial altar of Ru.
   105 | D        | Found a shadowy altar of Dithmenos.
   105 | D        | Noticed a yak
   106 | D        | Found a stormy altar of Qazlal.
   106 | D        | Found a blossoming altar of Fedhas.
   106 | D        | Found a bloodstained altar of Trog.
   106 | D        | Found an iron altar of Okawaru.
   106 | D        | Found a glowing golden altar of the Shining One.
   106 | D        | Found a glowing silver altar of Zin.
   106 | D        | Found a white marble altar of Elyvilon.
   137 | D        | Killed a yak
   138 | D        | Reached skill level 5 in Short Blades
   138 | D        | Reached skill level 5 in Dodging
   138 | D        | Reached skill level 18 in Stealth
   167 | D        | Found a sparkling altar of Nemelex Xobeh.
   174 | D        | Became a worshipper of Dithmenos the Shadowed
   183 | D        | Noticed Sonja
   187 | D        | Killed Sonja
   188 | D        | Reached skill level 21 in Stealth
   188 | D        | Reached XP level 7. HP: 38/38 MP: 8/8
   188 | D        | Reached XP level 8. HP: 42/42 MP: 9/9
   205 | D        | Found Lizoul's Magic Scroll Boutique.
   213 | D        | Bought a scroll of blinking for 75 gold pieces
   213 | D        | Bought a scroll of blinking for 75 gold pieces
   214 | D        | Noticed a glass eye
   214 | D        | Noticed a shining eye
   214 | D        | Noticed a glass eye
   214 | D        | Noticed a shining eye
   214 | D        | Noticed a shining eye
   215 | D        | Noticed a shining eye
   215 | D        | Noticed a shining eye
   215 | D        | Noticed a shining eye
   215 | D        | Noticed a glass eye
   216 | D        | Killed a glass eye
   217 | D        | Reached skill level 22 in Stealth
   217 | D        | Noticed a glass eye
   217 | D        | Noticed a shining eye
   217 | D        | Noticed a shining eye
   218 | D        | Killed a shining eye
   218 | D        | Reached * piety under Dithmenos
   219 | D        | Reached skill level 5 in Fighting
   219 | D        | Reached skill level 23 in Stealth
   231 | D        | Noticed a deep troll
   235 | D        | Killed a deep troll
   236 | D        | Reached skill level 10 in Dodging
   236 | D        | Reached skill level 24 in Stealth
   236 | D        | Reached XP level 9. HP: 47/47 MP: 10/10
   247 | D        | Found Idom's Armour Emporium.
   252 | D        | Bought a +2 robe of positive energy for 205 gold pieces
   276 | D        | Noticed a centaur warrior
   276 | D        | Noticed a centaur warrior
   292 | D        | HP: 2/69 [centaur warrior (4)]
   294 | D        | Slain by a centaur warrior

Illustrated notes

Levels and vault maps discovered:
D:        dungeon_sprint_1 [red_sonja_temple_1, red_sonja_temple_small_1]

Skill      XL: |  1  2  3  4  5  6  7  8 |
---------------+-------------------------+-----
Fighting       | 2 3 4 5 |  5.3
Stealth        | 9 12 16 21 24 | 24.7
Short Blades   | 3 4 6 |  6.7
Throwing       | 3 |  3.7
Dodging        | 2 7 10 | 10.3

Action                     |  1- 3 |  4- 6 |  7- 9 || total
---------------------------+-------+-------+-------++-------
  Melee: Dagger            |     1 |     8 |    10 ||    19
  Throw: Dart              |     5 |    17 |     4 ||    26
  Evoke: Wand              |       |       |     3 ||     3
    Use: Potion            |       |       |     1 ||     1
   Stab: Sleeping          |       |     2 |     3 ||     5
 Armour: Robe              |       |     1 |    12 ||    13
  Dodge: Dodged            |     1 |     9 |    22 ||    32

Table legend: (Time is in decaauts)
 A = Elapsed time spent in this place.
 B = Non-inter-level travel time spent in this place.
 C = Inter-level travel time spent in this place.
 D = Time resting spent in this place.
 E = Time spent auto-exploring this place.
 F = Levels seen in this place.
 G = Mean time per level.
                   A        B        C        D        E       F      G
               +--------+--------+--------+--------+--------+-----+--------+
         Total |    212 |    212 |      0 |      0 |      0 |   1 |  212.0 |
       Dungeon |    212 |    212 |      0 |      0 |      0 |   1 |  212.0 |
               +--------+--------+--------+--------+--------+-----+--------+

Top non-repeatable levels by time:
       D: 212 daAuts
